 Dungeon Crawl Stone Soup version 0.16.1-14-g82efdee (webtiles) character file.

1327 hulla the Chiller (level 8, -4/48 HPs)
             Began as an Octopode Transmuter on Apr 12, 2015.
             Killed by divine providence
             ... invoked by an orc priest
              (10 damage)
             ... on level 6 of the Dungeon.
             The game lasted 00:39:01 (7861 turns).

hulla the Chiller (Octopode Transmuter)             Turns: 7861, Time: 00:39:02

Health: -4/48      AC:  1    Str:  9    XL:     8   Next: 60%
Magic:  15/22      EV: 14    Int: 18    God:
Gold:   409        SH:  0    Dex: 12    Spells: 4 memorised, 1 level left

rFire  + + .     SeeInvis .       - Unarmed
rCold  . . .     Clarity  .     (no shield)
rNeg   . . .     SustAb   .     (helmet restricted)
rPois  +         Gourm    .     (no amulet)
rElec  .         Spirit   .     e - ring of poison resistance
rCorr  .         Warding  .     h - ring of magical power
rMut   .         Stasis   .     t - ring of fire
MR     .....                    y - ring of protection from cold
Stlth  ++........               z - ring of protection from fire
                                (no ring)
                                (no ring)
                                (no ring)

@: very slightly contaminated, not resistant to hostile enchantments, unstealthy
A: almost no armour, amphibious, 8 rings, constrict 8, camouflage 1, gelatinous
body 1
a: no special abilities


You were on level 6 of the Dungeon.
You were very hungry.

You visited 1 branch of the dungeon, and saw 6 of its levels.

You collected 409 gold pieces.

Inventory:

Hand weapons
 a - a +0 hunting sling
Missiles
 b - 135 arrows
 f - 78 stones (quivered)
 j - 19 poisoned needles
 x - 8 curare-tipped needles
Jewellery
 e - a ring of poison resistance (left tentacle)
 h - a ring of magical power (right tentacle)
 t - a ring of fire (on tentacle)
 y - a ring of protection from cold (on tentacle)
 z - a ring of protection from fire (on tentacle)
Magical devices
 D - a wand of enslavement (11)
Scrolls
 l - 5 scrolls of remove curse
 o - 5 scrolls of identify
 w - a scroll of recharging {unknown}
 C - a scroll of teleportation
 E - a scroll of enchant weapon {unknown}
Potions
 c - 2 potions of agility {unknown}
 g - a potion of flight
 i - a potion of poison {unknown}
 p - 2 potions of mutation {unknown}
 q - 3 potions of curing {unknown}
 r - a potion of brilliance {unknown}
 B - a potion of cancellation {unknown}
Books
 d - a book of Changes

   Spells                             Type                      Level
   a - Beastly Appendage              Transmutation                1
   b - Sticks to Snakes               Transmutation                2
   c - Spider Form                    Transmutation/Poison         3
   d - Ice Form                       Ice/Transmutation            4
   e - Blade Hands                    Transmutation                5
Comestibles
 k - 2 meat rations
 m - 6 fruits
 n - 5 bread rations
 s - a slice of pizza
 u - 2 royal jellies


   Skills:
 - Level 1.0 Fighting
 + Level 5.7 Dodging
 - Level 3.0 Unarmed Combat
 - Level 2.0 Spellcasting
 + Level 5.6 Transmutations
 - Level 6.0 Ice Magic
 - Level 3.0 Poison Magic


You had one spell level left.
You knew the following spells:

 Your Spells              Type           Power        Failure   Level  Hunger
a - Beastly Appendage     Trmt           ###...       1%          1    #......
b - Spider Form           Trmt/Pois      ###.......   12%         3    ###....
c - Sticks to Snakes      Trmt           ###.......   2%          2    ###....
d - Ice Form              Ice/Trmt       ##......     21%         4    #####..


Dungeon Overview and Level Annotations

Branches:
Dungeon (6/15)
 Temple: D:4-7

Altars:
Ashenzari
Cheibriados
Dithmenos
Fedhas
Gozag
Nemelex Xobeh
Okawaru
Xom
Zin
The Shining One

Shops:
D:4 !


Innate Abilities, Weirdness & Mutations

You cannot wear most types of armour.
You are amphibious.
You can wear up to eight rings at the same time.
You can use your tentacles to constrict many enemies at once.
Your skin changes colour to match your surroundings (Stealth).
Your rubbery body absorbs attacks (AC +1).


Message History

The orc wizard is moderately wounded.
The orc wizard completely misses you.
You bite the orc wizard!
The orc wizard is almost dead.
The orc wizard casts a spell at you. The magic dart hits you!
The orc priest invokes the aid of Beogh against you.
Something smites you!
* * * LOW HITPOINT WARNING * * *
Drink which item? (? for menu, Esc to quit)
You feel much better. The orc wizard hits you with a dagger.
You hit the orc wizard.
You kill the orc wizard!
The orc priest invokes the aid of Beogh against you.
Something smites you!
* * * LOW HITPOINT WARNING * * *
Your transformation has ended.
The orc priest invokes the aid of Beogh against you.
Something smites you!
You die...

##..# ##.## #...
###..####.## (....
.##.......##
......
......>....##
....##.
###.#####...#
.>..... #.# ##..##
.....# ###.#
##..#######)o..#
....# ##....#.o.#
....###
##.###[@.###
###...####.##
##.## .##
###........# ##.#
..# # .....####..#
#.# #.##. .....#
##.# #.## #...
##..## #.####
##.#####..# #..#
##...###.....#...#
#..#
#.###...####.....#
##.## ##.# ###.#
#....#####..


You could see an orc priest and an orc.

Vanquished Creatures
  A centaur (D:6)
  A black bear (D:4)
  An ice beast (D:5)
  A phantom (D:5)
  2 scorpions
  A crimson imp (D:5)
  2 orc priests (D:6)
  4 orc wizards (D:6)
  5 hounds
  A worker ant (D:4)
  An iguana (D:4)
  Ijyb (D:2)
  A river rat (D:5)
  7 gnolls (D:5)
  10 adders
  A shadow imp (D:5)
  2 giant mites
  2 worms
  An adder zombie (D:5)
  6 giant geckos
  7 orcs
  12 bats
  A bat skeleton (D:5)
  3 giant cockroaches
  6 goblins
  8 hobgoblins
  A quokka (D:5)
  2 ball pythons
  A giant gecko skeleton (D:4)
  A giant gecko zombie (D:5)
  2 giant newts
  5 jackals
  19 kobolds
  An orc zombie (D:5)
  16 rats
136 creatures vanquished.

Vanquished Creatures (collateral kills)
  2 phantoms
  Sigmund (D:2)
3 creatures vanquished.

Vanquished Creatures (others)
  A kobold (D:2)
1 creature vanquished.

Grand Total: 140 creatures vanquished

Notes
Turn   | Place    | Note
--------------------------------------------------------------
     0 | D:1      | hulla, the Octopode Transmuter, began the quest for the Orb.
     0 | D:1      | Reached XP level 1. HP: 13/13 MP: 3/3
   171 | D:1      | Reached XP level 2. HP: 1/18 MP: 4/4
   566 | D:1      | Found a sparkling altar of Nemelex Xobeh.
  1304 | D:2      | Reached XP level 3. HP: 8/23 MP: 6/6
  1520 | D:1      | Learned a level 3 spell: Spider Form
  1523 | D:1      | Learned a level 2 spell: Sticks to Snakes
  1848 | D:2      | Noticed an angel
  1849 | D:2      | Found a glowing silver altar of Zin.
  1852 | D:2      | Found a shimmering altar of Xom.
  1895 | D:2      | Reached skill level 1 in Poison Magic
  1999 | D:2      | Noticed Sigmund
  2012 | D:2      | HP: 1/23 [Sigmund/puff of flame (11)]
  2014 | D:2      | Killed Sigmund
  2014 | D:2      | Reached skill level 4 in Transmutations
  2014 | D:2      | Reached XP level 4. HP: 1/28 MP: 7/7
  2362 | D:2      | Noticed Ijyb
  2375 | D:2      | Killed Ijyb
  2375 | D:2      | Reached XP level 5. HP: 25/33 MP: 9/9
  2601 | D:2      | Found a glowing golden altar of the Shining One.
  2601 | D:2      | Found a shadowy altar of Dithmenos.
  2611 | D:2      | Found a shattered altar of Ashenzari.
  2633 | D:2      | Found an iron altar of Okawaru.
  3261 | D:3      | Found a snail-covered altar of Cheibriados.
  3374 | D:3      | Found a blossoming altar of Fedhas.
  3600 | D:3      | Found an opulent altar of Gozag.
  3796 | D:3      | Noticed a phantom
  4204 | D:4      | Noticed a phantom
  4319 | D:4      | Reached skill level 5 in Transmutations
  4319 | D:4      | Reached XP level 6. HP: 33/38 MP: 10/10
  4816 | D:4      | Found Bueremay's Distillery.
  5164 | D:4      | Killed a phantom
  5164 | D:4      | Reached XP level 7. HP: 22/43 MP: 6/12
  5301 | D:4      | Noticed a black bear
  5367 | D:3      | Killed a phantom
  5367 | D:3      | Reached skill level 5 in Dodging
  5415 | D:3      | Learned a level 4 spell: Ice Form
  5423 | D:4      | Killed a black bear
  6130 | D:5      | Entered Level 5 of the Dungeon
  6601 | D:5      | Reached XP level 8. HP: 40/48 MP: 12/13
  6888 | D:5      | Reached skill level 5 in Ice Magic
  7261 | D:6      | Reached skill level 6 in Ice Magic
  7861 | D:6      | Killed from afar by an orc priest

Action                   |  1- 3 |  4- 6 |  7- 9 || total
-------------------------+-------+-------+-------++-------
Melee: Unarmed           |    54 |   129 |   190 ||   373
 Fire: Hunting sling     |     5 |    35 |       ||    40
Throw: Stone             |     1 |    14 |    19 ||    34
 Cast: Beastly Appendage |     8 |     8 |     4 ||    20
       Sticks to Snakes  |     3 |     4 |    12 ||    19
       Spider Form       |     2 |    19 |    21 ||    42
       Ice Form          |       |       |     2 ||     2
 Abil: End Transformatio |       |     3 |     5 ||     8
  Use: Scroll            |     2 |     8 |       ||    10
       Potion            |     5 |       |     1 ||     6
 Stab: Sleeping          |     2 |     6 |       ||     8
       Distracted        |       |     1 |     1 ||     2
  Eat: Chunk             |     4 |    12 |    12 ||    28
       Fruit             |       |       |     1 ||     1
